 Dungeon Crawl Stone Soup version 0.17-a0-2014-g32cd421 (webtiles) character file.

30 Jackolantern the Magician (level 3, 0/15 HPs)
             Began as a Felid Wizard on Oct 10, 2015.
             Succumbed to a worker ant's poison
             ... on level 3 of the Dungeon.
             The game lasted 00:06:12 (1040 turns).

Jackolantern the Magician (Felid Wizard)            Turns: 1040, Time: 00:06:12

Health: 0/15       AC:  1    Str:  3    XL:     3   Next: 3%
Magic:  2/9        EV: 18    Int: 20    God:
Gold:   37         SH:  0    Dex: 14    Spells: 4 memorised, 2 levels left
                                        Lives:  0   Deaths: 0

rFire  + . .     SeeInvis +     (weapon unavailable)
rCold  . . .     Clarity  .     (armour unavailable)
rNeg   . . .     SustAt   .     (shield unavailable)
rPois  .         Gourm    .     (helmet unavailable)
rElec  .         Spirit   .     (cloak unavailable)
rCorr  .         Warding  .     (gloves unavailable)
rMut   .         Stasis   .     (boots unavailable)
MR     .....                    (no amulet)
Stlth  +++.......               g - ring of wizardry
                                d - ring of protection from fire

@: lethally poisoned (0 -> -7), quick, not resistant to hostile enchantments,
fairly stealthy
A: no armour, no weapons or thrown items, claws 1, fangs 3, see invisible,
carnivore 3, speed 1, shaggy fur 1, slow metabolism 1, sharp paws
a: no special abilities


You were on level 3 of the Dungeon.
You were very full.

You visited 1 branch of the dungeon, and saw 3 of its levels.

You collected 37 gold pieces.

Inventory:

Jewellery
 d - a ring of protection from fire (left paw)
 g - a ring of wizardry (right paw)
Scrolls
 c - a scroll of remove curse {unknown}
 h - a scroll of magic mapping {unknown}
 j - a scroll of blinking {unknown}
Potions
 e - a potion of curing {unknown}
 i - a potion of cancellation {unknown}
Books
 a - a book of Minor Magic

   Spells                             Type                      Level
   a - Magic Dart                     Conjuration                  1
   b - Blink                          Translocation                2
   c - Call Imp                       Summoning                    2
   d - Repel Missiles                 Charms/Air                   2
   e - Slow                           Hexes                        2
   f - Conjure Flame                  Conjuration/Fire             3
   g - Mephitic Cloud                 Conjuration/Poison/Air       3
Comestibles
 f - 2 royal jellies


   Skills:
 * Level 1.2 Fighting
 * Level 3.0 Dodging
 * Level 2.9 Stealth
 * Level 3.5 Spellcasting
 - Level 0.8 Conjurations
 - Level 1.0 Summonings
 - Level 1.5 Translocations


You had 2 spell levels left.
You knew the following spells:

 Your Spells              Type           Power        Failure   Level  Hunger
a - Magic Dart            Conj           #...         4%          1    None
b - Blink                 Tloc           N/A          6%          2    ##.....
c - Call Imp              Summ           #.......     7%          2    ##.....
d - Slow                  Hex            #.......     10%         2    ##.....


Dungeon Overview and Level Annotations

Branches:
Dungeon (3/15)

Altars:


Innate Abilities, Weirdness & Mutations

You cannot wear armour.
You are incapable of wielding weapons or throwing items.
You have sharp claws.
You have razor-sharp teeth.
You have supernaturally acute eyesight.
You are carnivorous and can eat meat at any time.
You cover ground quickly.
You are covered in fur (AC +1).
You have a slow metabolism.
Your sharp claws are effective at attacking unaware monsters.


Message History

The worker ant closely misses you.
You scratch the worker ant but do no damage.
The worker ant is lightly wounded.
The worker ant closely misses you.
You scratch the worker ant but do no damage.
The worker ant is lightly wounded.
The worker ant misses you.
You scratch the worker ant but do no damage.
The worker ant bites you.
You are lethally poisoned!
The worker ant poisons you!
You scratch the worker ant but do no damage.
You feel sick. The worker ant completely misses you. The worker ant bites you.
You completely miss the worker ant.
* * * LOW HITPOINT WARNING * * *
You feel sick. The worker ant bites you.
* * * LOW HITPOINT WARNING * * *
You closely miss the worker ant. The worker ant misses you.
You scratch the worker ant but do no damage.
You die...

#..#...... #..#......
#..#...... . #.........
#.####### #.........
#.......# #.........
#.......###+###.........
#.....a.................
#...$..@................
#.................#+#...
..................# #.#.
##............)...# #.#.
#............†...#
#................#
#..................
#......####..##.####
#...... ##.# .#


You could see a worker ant.

Vanquished Creatures
  An adder (D:2)
  An ooze (D:2)
  3 bats
  3 hobgoblins
  3 jackals (D:2)
  2 giant newts
  A goblin (D:2)
  3 kobolds (D:3)
  2 rats (D:2)
19 creatures vanquished.

Notes
Turn   | Place    | Note
--------------------------------------------------------------
     0 | D:1      | Jackolantern the Felid Wizard began the quest for the Orb.
     0 | D:1      | Reached XP level 1. HP: 7/7 MP: 5/5
   367 | D:2      | Reached XP level 2. HP: 1/12 MP: 0/7
   834 | D:2      | Reached skill level 1 in Fighting
  1003 | D:3      | Reached XP level 3. HP: 15/15 MP: 3/9
  1011 | D:3      | Learned a level 2 spell: Blink
  1015 | D:3      | Learned a level 2 spell: Call Imp
  1018 | D:3      | Learned a level 2 spell: Slow
  1040 | D:3      | Succumbed to a worker ant's poison

Vault maps used:
D:1:      dpeg_arrival_erosion, minmay_misc_feat_five
D:2:      kennysheep_path_1

Action                   || total
-------------------------++-------
Melee: Unarmed           ||    28
 Cast: Magic Dart        ||    46
 Stab: Sleeping          ||     1
  Eat: Meat ration       ||     1
